AoeStats
← Ivan

Migration

506491911Analyzed
1v1 RM · 18d ago on Sep 13, 2026· 32m 13s· 2 players
Game mode
Random Map
Map size
132×132
Population
200
Speed
Normal
Resources
Standard
Victory
Conquest
Starting age
Dark Age
Ending age
Imperial Age
RankedLock teamsTeams togetherTeam positionsShared explorationLock speedFull tech treeHidden civsTurbo modeCheats
Victory
Defeat
🇺🇸 Persians · United States
576
+15
🇨🇿 Bulgarians · Czechia
547
-15
Ivan
3:15 Loom
13:12 Feudal Age
13:34 Horse Collar
13:42 Double-Bit Axe
17:11 Wheelbarrow
16:33 Gold Mining
18:01 Stone Mining
25:38 Castle Age
29:49 Murder Holes
33:07 Imperial Age
30:52 Hand Cart
31:04 Bow Saw
gavdillavou402
11:25 Feudal Age
18:27 Double-Bit Axe
22:17 Castle Age
21:36 Horse Collar
25:39 Man-at-Arms
30:34 Bow Saw
Connection lost

Rejoining the realm…

Still unreachable

The connection could not be restored.

Session expired

The server has moved on; the page needs a fresh start.